 Dungeon Crawl Stone Soup version 0.29.1-1-gd02db6906a (webtiles) character file.

Game seed: 2627066409895321088

22943 safid the Marksminotaur (level 12, -4/106 HPs)
             Began as a Minotaur Hunter on Oct 14, 2022.
             Was a High Priest of Okawaru.
             Slain by an orc high priest
             ... wielding a +0 battleaxe
              (8 damage)
             ... on level 2 of the Orcish Mines.
             The game lasted 00:28:36 (13010 turns).

safid the Marksminotaur (Minotaur Hunter)          Turns: 13010, Time: 00:28:36

Health: -4/106     AC:  9    Str: 15      XL:     12   Next: 67%
Magic:  18/18      EV: 13    Int:  5 (6)  God:    Okawaru [*****.]
Gold:   845        SH:  5    Dex: 26      Spells: 11/11 levels left

rFire   . . .      SeeInvis .   r - +2 arbalest (flame)
rCold   . . .      Faith    .   (shield currently unavailable)
rNeg    . . .      Spirit   .   a - +2 troll leather armour
rPois   .          Reflect  +   (helmet restricted)
rElec   .          Harm     .   w - +0 cloak
rCorr   .          Rampage  .   x - +0 pair of gloves
Will    .....                   B - +0 pair of boots
Stlth   ++........              b - amulet of reflection
HPRegen 1.07/turn               n - +6 ring of dexterity
MPRegen 0.16/turn               u - +4 ring of slaying

@: no status effects
A: horns 2, retaliatory headbutt
a: Renounce Religion, Heroism, Finesse, Duel


You were on level 2 of the Orcish Mines.
You worshipped Okawaru.
Okawaru was extremely pleased with you.
You visited 3 branches of the dungeon, and saw 14 of its levels.

You collected 1055 gold pieces.
You spent 210 gold pieces at shops.

Inventory:

Hand Weapons
 r - a +2 arbalest of flaming (weapon)
Missiles
 q - a silver javelin
Armour
 a - a +2 troll leather armour (worn)
 w - a +0 cloak (worn)
 x - a +0 pair of gloves (worn)
 B - a +0 pair of boots (worn)
Jewellery
 b - an amulet of reflection (around neck)
 e - a ring of ice
 n - a +6 ring of dexterity (left hand)
 u - a +4 ring of slaying (right hand)
Wands
 m - a wand of polymorph (10)
 o - a wand of digging (8)
 v - a wand of iceblast (8)
 z - a wand of flame (5)
Scrolls
 i - 3 scrolls of teleportation
 j - a scroll of fear
 y - a scroll of amnesia {unknown}
 A - 2 scrolls of enchant weapon
 C - a scroll of blinking {unknown}
 G - a scroll of brand weapon {unknown}
 H - a scroll of torment {unknown}
Potions
 c - 2 potions of brilliance
 d - a potion of lignification {unknown}
 f - 2 potions of mutation {unknown}
 h - 4 potions of curing
 k - 3 potions of flight
 l - a potion of berserk rage {unknown}
 p - 2 potions of haste
 s - a potion of cancellation {unknown}
 t - 3 potions of might
 E - a potion of magic {unknown}
 F - a potion of degeneration {unknown}
 I - a potion of invisibility {unknown}


   Skills:
 - Level 10.0 Fighting
 + Level 18.9 Ranged Weapons
 - Level 2.1 Dodging
 - Level 0.7 Stealth
 + Level 9.9 Invocations


You had 11 spell levels left.
You didn't know any spells.
Your spell library contained the following spells:

 Spells                   Type           Power      Damage    Failure   Level
 Beastly Appendage        Tmut           0%         N/A       54%         1
 Wereblood                Tmut           0%         N/A       69%         2
 Conjure Flame            Conj/Fire      0%         6-21      89%         3
 Dazzling Flash           Conj/Hex       0%         N/A       89%         3
 Ignite Poison            Fire/Tmut/Pois 0%         N/A       89%         3
 Iskenderun's Mystic Bla  Conj/Tloc      0%         2d3       100%        4
 Sticky Flame             Conj/Fire      0%         2d3       100%        4
 Eringya's Noxious Bog    Tmut/Pois      0%         N/A       100%        6
 Starburst                Conj/Fire      0%         6d3       100%        6


Dungeon Overview and Level Annotations

Branches:
Dungeon (11/15)            Temple (1/1) D:4             Orc (2/2) D:9
    Elf (0/3) Orc:2
   Lair: D:8-11

Altars:
Ashenzari
Cheibriados
Elyvilon
Fedhas
Gozag
Hepliaklqana
Kikubaaqudgha
Makhleb
Okawaru
Qazlal
Ru
Sif Muna
Trog
Uskayaw
Vehumet
Wu Jian
Zin
The Shining One

Shops:
D:8 [   Orc:1 (   Orc:2 (**

Annotations:
D:5 3 runed translucent doors, Arctor's ghost, amateur GrFi
D:11 Sonja


Innate Abilities, Weirdness & Mutations

You have a pair of horns on your head.
You reflexively headbutt those who attack you in melee.


Message History

Press: ? - help, Q - select action, (/) - cycle Shift-Dir - straight line, f/p - orc high priest
Aim: an orc high priest, wielding a +0 battleaxe (heavily wounded, 72% to hit)
You shoot a bolt. The bolt hits the orc high priest!
The bolt burns the orc high priest.
The orc high priest is severely wounded.
The orc high priest hits you with a +0 battleaxe.
The sun demon hits you.
You are engulfed in flames!
The ice devil hits you. The ice devil freezes you!!
* * * LOW HITPOINT WARNING * * *
The smoke demon hits you but does no damage.
The smoke demon misses you. The smoke demon barely misses you.
You feel much better. The sun demon hits you!!
* * * LOW HITPOINT WARNING * * *
You are engulfed in flames!
* * * LOW HITPOINT WARNING * * *
The orc high priest hits you but does no damage.
The smoke demon hits you but does no damage.
The smoke demon misses you. The smoke demon barely misses you.
The ice devil hits you.
* * * LOW HITPOINT WARNING * * *
The ice devil freezes you!
* * * LOW HITPOINT WARNING * * *
Okay, then.
Okay, then.
Fire: r) +2 arbalest (flame)
Press: ? - help, Q - select action, (/) - cycle Shift-Dir - straight line, f/p - orc high priest
Aim: an orc high priest, wielding a +0 battleaxe (severely wounded, 72% to hit)
Okay, then.
Unknown command.
Unknown command.
Unknown command.
Fire: r) +2 arbalest (flame)
Press: ? - help, Q - select action, (/) - cycle Shift-Dir - straight line, f/p - orc high priest
Aim: an orc high priest, wielding a +0 battleaxe (severely wounded, 72% to hit)
You shoot a bolt. The bolt hits the orc high priest.
The bolt burns the orc high priest.
The orc high priest is severely wounded.
You block the sun demon's attack.
The orc high priest hits you with a +0 battleaxe!
You die...

))[#..####..##...#......[...#....
###..## ###.#..)#.##'###.###'##.
# #### ####'##.#...##.##...#. #
#....#...##)##...#.
###########)#######
#####.).))....###
###.......8.8)..)..
##3..........)......
#o4@...##.......##..
...)..o3.###.........###
....)..###.....8)8.....#
.).).###......^.........
.).####.........).....). ..
##...)....#...#..... .
##........##8)8##....
##....).####.))..####.
##....)#####.......####


You could see an orc high priest, a sun demon (summoned), an ice devil
(summoned), a smoke demon (summoned) and an orc warrior.

Vanquished Creatures
  2 orc warlords
  3 two-headed ogres
  2 orc high priests (Orc:2)
  6 orc knights
  5 orc sorcerers (Orc:2)
  A cyclops (Orc:2)
  Psyche (D:9)
  A kobold demonologist (D:10)
  3 trolls
  A hornet (D:9)
  Prince Ribbit (D:8)
  A shadow (D:9)
  Sigmund (D:5)
  9 yaks (D:10)
  A steam dragon (D:9)
  3 wargs
  Edmund (D:5)
  4 sky beasts (D:7)
  A black bear (D:4)
  5 ice beasts
  40 orc warriors
  13 ogres
  2 phantoms (D:9)
  2 centaurs (D:7)
  2 kobold brigands
  2 bullfrogs
  A gnoll sergeant (D:10)
  7 scorpions
  A necrophage (D:7)
  A troll zombie (D:9)
  10 wights
  8 killer bees
  2 howler monkeys (D:10)
  A jelly (D:7)
  30 orc priests
  A hound (D:5)
  2 iguanas
  22 orc wizards
  5 ogre zombies (D:9)
  5 gnolls
  6 adders
  A shadow imp (D:7)
  A white imp (D:6)
  3 worms
  3 dart slugs
  100 orcs
  8 endoplasms
  3 giant cockroaches
  2 goblins
  3 hobgoblins
  3 jackals (D:4)
  21 kobolds
  2 quokkas (D:2)
  4 ball pythons
  10 bats
  3 frilled lizards
  4 goblin zombies (D:9)
  3 hobgoblin skeletons (D:9)
  2 hobgoblin zombies (D:9)
  4 orc skeletons (D:9)
  6 orc zombies (D:9)
  6 rats
407 creatures vanquished.

Vanquished Creatures (others)
  A plant (D:5)
1 creature vanquished.

Grand Total: 408 creatures vanquished

Notes
Turn   | Place    | Note
-------+----------+-------------------------------------------
     0 | D:1      | safid the Minotaur Hunter began the quest for the Orb.
     0 | D:1      | Reached XP level 1. HP: 18/18 MP: 0/0
    91 | D:1      | Found a faded altar of an unknown god.
   106 | D:1      | Reached XP level 2. HP: 26/26 MP: 1/1
   174 | D:1      | Reached skill level 5 in Ranged Weapons
   345 | D:1      | Reached XP level 3. HP: 30/31 MP: 2/2
   950 | D:2      | Reached XP level 4. HP: 38/38 MP: 3/3
   958 | D:2      | Reached skill level 6 in Ranged Weapons
  1652 | D:3      | Reached skill level 7 in Ranged Weapons
  1652 | D:3      | Reached XP level 5. HP: 30/45 MP: 4/4
  2024 | D:4      | Noticed a black bear
  2028 | D:4      | Killed a black bear
  2029 | D:4      | Reached XP level 6. HP: 51/51 MP: 5/5
  2034 | D:4      | Reached skill level 8 in Ranged Weapons
  2248 | D:4      | Found a staircase to the Ecumenical Temple.
  2262 | Temple   | Entered the Ecumenical Temple
  2271 | Temple   | Became a worshipper of Warmaster Okawaru
  2833 | D:5      | Entered Level 5 of the Dungeon
  2833 | D:5      | Noticed Arctor's ghost (amateur GrFi)
  2834 | D:5      | Found a runed translucent gate.
  2834 | D:5      | Found a runed translucent gate.
  2834 | D:5      | Found a runed translucent gate.
  2907 | D:5      | Reached skill level 9 in Ranged Weapons
  2907 | D:5      | Reached XP level 7. HP: 57/57 MP: 6/6
  3170 | D:5      | Noticed Edmund
  3179 | D:5      | Killed Edmund
  3180 | D:5      | Reached skill level 10 in Ranged Weapons
  3305 | D:5      | Noticed Sigmund
  3313 | D:5      | Killed Sigmund
  3313 | D:5      | Reached * piety under Okawaru
  3555 | D:5      | Reached skill level 11 in Ranged Weapons
  3555 | D:5      | Reached XP level 8. HP: 17/63 MP: 7/7
  3798 | D:5      | Found a white marble altar of Elyvilon.
  3798 | D:5      | Found a hazy altar of Hepliaklqana.
  3798 | D:5      | Found a snail-covered altar of Cheibriados.
  3798 | D:5      | Found a sacrificial altar of Ru.
  4319 | D:6      | Reached ** piety under Okawaru
  4433 | D:6      | Reached skill level 12 in Ranged Weapons
  5198 | D:7      | Reached skill level 13 in Ranged Weapons
  5252 | D:7      | Reached *** piety under Okawaru
  5253 | D:7      | Reached XP level 9. HP: 57/69 MP: 8/8
  5697 | D:7      | Reached skill level 14 in Ranged Weapons
  6054 | D:7      | Reached **** piety under Okawaru
  6292 | D:8      | Reached skill level 15 in Ranged Weapons
  6578 | D:8      | Noticed Prince Ribbit
  6590 | D:8      | Killed Prince Ribbit
  6746 | D:8      | Identified the +0 pair of gloves of Tuneddon {-Cast +Blink
                  | Str+7 Dex+2}
  6764 | D:8      | Noticed a two-headed ogre
  6873 | D:8      | Found Mytil's Antique Armour Shop.
  7154 | D:8      | Killed a two-headed ogre
  7155 | D:8      | Reached skill level 16 in Ranged Weapons
  7155 | D:8      | Reached skill level 1 in Invocations
  7155 | D:8      | Reached XP level 10. HP: 52/77 MP: 9/9
  7212 | D:8      | Reached ***** piety under Okawaru
  7916 | D:9      | Found a staircase to the Orcish Mines.
  8038 | D:9      | Noticed Psyche
  8171 | D:9      | Killed Psyche
  8171 | D:9      | Received a gift from Okawaru
  8172 | D:9      | Reached skill level 5 in Fighting
  8665 | D:9      | Noticed a two-headed ogre
  8677 | D:9      | Killed a two-headed ogre
  8677 | D:9      | Received a gift from Okawaru
  8869 | D:10     | Entered Level 10 of the Dungeon
  9564 | D:10     | Reached XP level 11. HP: 49/91 MP: 13/13
  9570 | D:10     | Reached skill level 5 in Invocations
 10132 | D:11     | Noticed Sonja
 10175 | Orc:1    | Entered Level 1 of the Orcish Mines
 10472 | Orc:1    | Noticed an orc knight
 10487 | Orc:1    | Killed an orc knight
 10488 | Orc:1    | Reached skill level 17 in Ranged Weapons
 10611 | Orc:1    | Noticed an orc warlord
 10644 | Orc:1    | Killed an orc warlord
 11054 | Orc:2    | Entered Level 2 of the Orcish Mines
 11282 | Orc:2    | Received a gift from Okawaru
 11294 | Orc:2    | Noticed an orc knight
 11303 | Orc:2    | Killed an orc knight
 11370 | Orc:2    | Noticed an orc knight
 11385 | Orc:2    | Killed an orc knight
 11529 | Orc:2    | Noticed an orc sorcerer
 11532 | Orc:2    | Killed an orc sorcerer
 11664 | Orc:2    | Noticed an orc sorcerer
 11664 | Orc:2    | Noticed an orc sorcerer
 11671 | Orc:2    | Killed an orc sorcerer
 11671 | Orc:2    | Identified the +0 ring mail of Resonance {Rampage rPois
                  | Will-} (Okawaru gifted it to you on level 2 of the Orcish
                  | Mines)
 11671 | Orc:2    | Received a gift from Okawaru
 11683 | Orc:2    | Killed an orc sorcerer
 11729 | Orc:2    | Got the Reference Book on Sculpting
 11809 | Orc:2    | Found a staircase to the Elven Halls.
 11945 | Orc:1    | Reached XP level 12. HP: 106/106 MP: 16/16
 11949 | Orc:1    | Found Hisu's Antique Weapon Shoppe.
 12131 | Orc:2    | Noticed a two-headed ogre
 12138 | Orc:2    | Killed a two-headed ogre
 12139 | Orc:2    | Reached skill level 10 in Fighting
 12143 | Orc:2    | Reached skill level 18 in Ranged Weapons
 12537 | Orc:2    | Found Yciut's General Store.
 12548 | Orc:2    | Found Cicsawkalenn's Assorted Antiques.
 12788 | Orc:2    | Noticed an orc warlord
 12794 | Orc:2    | Killed an orc warlord
 12831 | Orc:2    | Noticed an orc high priest
 12834 | Orc:2    | Killed an orc high priest
 12867 | Orc:2    | Found Qaeburin's Antique Weapon Boutique.
 12876 | Orc:2    | Bought a glowing arbalest for 210 gold pieces
 12907 | Orc:2    | Noticed an orc high priest
 12920 | Orc:2    | Killed an orc high priest
 12994 | Orc:2    | Noticed an orc high priest
 13009 | Orc:2    | HP: 3/106 [ice devil[an orc high priest] (9)]
 13010 | Orc:2    | Slain by an orc high priest

Illustrated notes

Levels and vault maps discovered:
D:1:      sevenhm_arrival_forest_fort_large_2, layout_rooms,
          dreamdust_ecumenical_altar_grove, minmay_misc_feat_tower
D:2:      minmay_alternating_diamond, layout_basic
D:3:      layout_basic
D:4:      layout_cave_pods, minmay_temple_entry_butterflies, dk_noncrumbling_4
D:5:      layout_loops_ring, chequers_temple_overflow_statue_of_worship,
          serial_bayou, serial_bayou_shore_a, serial_bayou_crossing,
          serial_bayou_pond_c, serial_bayou_pond_e, serial_bayou_ford_a,
          gammafunk_ghost_necromancy, sigmund_edmund_badplayer
D:6:      layout_basic
D:7:      layout_basic, minmay_checkerbox
D:8:      layout_basic, serial_shops, nicolae_shop_behind_doors,
          uniq_prince_ribbit1
D:9:      layout_long_grid, zombieorc1_lemuel, uniq_psyche
D:10:     layout_roguey
D:11:     layout_basic, grunt_lair_entry_orc_guard_hut, uniq_sonja
Temple:   dpeg_three_leaves_temple
Orc:1:    layout_diamond_mine, serial_shops, nicolae_square_shop
Orc:2:    pubby_orc_utopia

Skill      XL: |  1  2  3  4  5  6  7  8  9 10 11 12 |
---------------+-------------------------------------+-----
Fighting       | 3 6 9 10 | 10.0
Ranged Weapons | 5 7 9 11 13 16 17 18 | 18.9
Invocations    | 1 4 7 9 |  9.9
Dodging        | |  2.1
Stealth        | |  0.7

Action                   |  1- 3 |  4- 6 |  7- 9 | 10-12 || total
-------------------------+-------+-------+-------+-------++-------
Melee: Shortbow          |       |       |       |     2 ||     2
 Fire: Shortbow          |    83 |   111 |   325 |   418 ||   937
       Arbalest          |       |       |       |   330 ||   330
Invok: Heroism           |       |       |       |     8 ||     8
       Finesse           |       |       |       |     8 ||     8
  Use: Potion            |       |       |     2 |     5 ||     7
       Scroll            |       |       |    10 |     4 ||    14
Armor: Leather armour    |     8 |       |     9 |    53 ||    70
       Ring mail         |       |    11 |    43 |       ||    54
       Troll leather arm |       |       |       |     9 ||     9
Dodge: Dodged            |     5 |    18 |    82 |   145 ||   250
Block: Other             |       |       |     8 |    69 ||    77
       Reflection        |       |       |       |     1 ||     1
